 Dungeon Crawl Stone Soup version 0.20.1-1-g8b1a95d (webtiles) character file.

301 vatarom the Conjurer (level 6, 0/46 HPs)
             Began as a Demonspawn Venom Mage on Sept 27, 2017.
             Succumbed to a worker ant's poison
             ... on level 4 of the Dungeon.
             The game lasted 00:11:40 (5317 turns).

vatarom the Conjurer (Demonspawn Venom Mage)        Turns: 5317, Time: 00:11:41

Health: 0/46       AC:  4    Str:  9    XL:     6   Next: 14%
Magic:  7/10       EV: 12    Int: 18    God:
Gold:   159        SH:  0    Dex: 13    Spells: 4/10 levels left

rFire    . . .     SeeInvis .   d - +0 dagger
rCold    . . .     Gourm    .   (no shield)
rNeg     . . .     Faith    .   a - +0 robe
rPois    +         Spirit   .   (helmet restricted)
rElec    .         Reflect  .   (no cloak)
rCorr    .         Harm     .   j - +0 pair of gloves
MR       .....                  f - +0 pair of boots
Stlth    ++........             (no amulet)
Regen    0.2/turn               e - ring of poison resistance
MPRegen  0.2/turn               (no ring)

@: lethally poisoned (0 -> -5)
A: horns 1, powered by pain 1
a: no special abilities


You were on level 4 of the Dungeon.
You were not hungry.

You visited 1 branch of the dungeon, and saw 4 of its levels.

You collected 159 gold pieces.

Inventory:

Hand Weapons
 d - a +0 dagger (weapon)
Armour
 a - a +0 robe (worn)
 f - a +0 pair of boots (worn)
 j - a +0 pair of gloves (worn)
Jewellery
 e - a ring of poison resistance (left hand)
Scrolls
 c - a scroll of identify
Books
 b - a Young Poisoner's Handbook

   Spells                             Type                      Level
   a - Sting                          Conjuration/Poison           1
   b - Poisonous Vapours              Poison/Air                   2
   c - Mephitic Cloud                 Conjuration/Poison/Air       3
   d - Olgreb's Toxic Radiance        Poison                       4
   e - Venom Bolt                     Conjuration/Poison           5
Comestibles
 g - a bread ration
 h - a meat ration


   Skills:
 + Level 2.7 Fighting
 - Level 1.7 Dodging
 - Level 1.7 Stealth
 - Level 2.8 Spellcasting
 * Level 4.1 Conjurations
 + Level 4.0 Poison Magic


You had 4 spell levels left.
You knew the following spells:

 Your Spells              Type           Power        Failure   Level  Hunger
a - Sting                 Conj/Pois      ###.         3%          1    None
b - Poisonous Vapours     Pois/Air       #.....       11%         2    ##.....
c - Mephitic Cloud        Conj/Pois/Air  ##......     16%         3    ###....


Dungeon Overview and Level Annotations

Branches:
Dungeon (4/15)
 Temple: D:4-7

Altars:

Annotations:
D:3 Dirian's ghost, amateur MiFi


Innate Abilities, Weirdness & Mutations

You have a pair of small horns on your head.
You sometimes gain a little power by taking damage.


Message History

* * * LOW HITPOINT WARNING * * *
You are lethally poisoned!
The worker ant poisons you!
Unknown command.
* * * LOW HITPOINT WARNING * * *
You feel sick. The centaur skeleton hits you.
* * * LOW HITPOINT WARNING * * *
Unknown command.
You aren't carrying any potions.
You hit the worker ant but do no damage.
You headbutt the worker ant.
The worker ant is severely wounded.
* * * LOW HITPOINT WARNING * * *
You feel sick. The worker ant barely misses you.
The centaur skeleton barely misses you.
You closely miss the worker ant. You headbutt the worker ant.
You kill the worker ant!
The centaur skeleton hits you but does no damage.
Unknown command.
You die...

#.........## ...
#..........##...#
#.......#.)....##
#...#
###.....##<.......
#....#
#.#...............
#.....#
#.........#...###
.......
#.#...#####...#
....... ##...###
..#
.......###.@.##
..# .......#.Z.###
.. .........†##
... ........###
.......## #....##
##..# #.# #.


You could see a centaur skeleton.

Vanquished Creatures
  A centaur skeleton (D:3)
  An orc wizard (D:3)
  Terence (D:2)
  A worker ant (D:4)
  Robin (D:2)
  6 adders
  A worm (D:2)
  3 dart slugs
  5 leopard geckos
  10 orcs
  4 giant cockroaches
  14 goblins
  20 hobgoblins
  A quokka (D:2)
  2 ball pythons
  9 bats
  7 frilled lizards
  11 kobolds
  12 rats
110 creatures vanquished.

Notes
Turn   | Place    | Note
-------+----------+-------------------------------------------
     0 | D:1      | vatarom the Demonspawn Venom Mage began the quest for the Orb.
     0 | D:1      | Reached XP level 1. HP: 13/13 MP: 3/3
   229 | D:1      | Gained mutation: You sometimes gain a little power by taking damage. [demonic ancestry]
   229 | D:1      | Reached XP level 2. HP: 20/20 MP: 1/5
   401 | D:1      | Learned a level 2 spell: Poisonous Vapours
  1047 | D:1      | Reached skill level 1 in Fighting
  1330 | D:1      | Gained mutation: You have a pair of small horns on your head. [demonic ancestry]
  1330 | D:1      | Reached XP level 3. HP: 26/26 MP: 6/6
  1446 | D:1      | Learned a level 3 spell: Mephitic Cloud
  2018 | D:2      | Reached XP level 4. HP: 24/32 MP: 1/7
  2797 | D:3      | Noticed Dirian's ghost (amateur MiFi)
  2943 | D:3      | Noticed Terence
  3065 | D:2      | Noticed Robin
  3469 | D:2      | Killed Robin
  3572 | D:2      | Reached XP level 5. HP: 29/38 MP: 2/9
  3837 | D:2      | Killed Terence
  4003 | D:3      | HP: 1/39 [hobgoblin/stone (2)]
  5221 | D:3      | Reached XP level 6. HP: 23/46 MP: 10/10
  5314 | D:4      | HP: 2/46 [centaur skeleton (4)]
  5317 | D:4      | Succumbed to a worker ant's poison

Skill      XL: |  1  2  3  4  5 |
---------------+----------------+-----
Fighting       | 1 2 |  2.7
Conjurations   | 2 3 4 |  4.1
Poison Magic   | 4 |  4.0
Dodging        | |  1.7
Stealth        | |  1.7
Spellcasting   | |  2.8

Action                   |  1- 3 |  4- 6 || total
-------------------------+-------+-------++-------
Melee: Dagger            |    90 |   188 ||   278
       Unarmed           |     4 |       ||     4
       Headbutt          |     5 |    29 ||    34
 Cast: Sting             |    31 |    75 ||   106
       Poisonous Vapours |    10 |    21 ||    31
       Mephitic Cloud    |     1 |     5 ||     6
  Use: Potion            |     2 |     4 ||     6
       Scroll            |     1 |     3 ||     4
 Stab: Sleeping          |     1 |     1 ||     2
       Invisible         |       |     1 ||     1
  Eat: Bread ration      |     1 |     2 ||     3
       Chunk             |       |     2 ||     2
       Meat ration       |       |     1 ||     1
Armor: Robe              |    18 |    42 ||    60
Dodge: Dodged            |    69 |   139 ||   208
